 Dungeon Crawl Stone Soup version 0.32-a0-834-geaf45d8e21 (webtiles) character file.

Game seed: 14917088371021552712

8176 xianbchi the Zephyrmancer (level 11, -1/57 HPs)
             Began as a Tengu Air Elementalist on Mar 25, 2024.
             Was a Priest of Beogh.
             Slain by Blodwig the orc apostle
             ... wielding a +1 dire flail of protection
              (5 damage)
             ... on level 10 of the Dungeon.
             The game lasted 00:30:07 (9960 turns).

xianbchi the Zephyrmancer (Tengu Air Elementalist)  Turns: 9960, Time: 00:30:11

Health: -1/57      AC:  9    Str:  8    XL:     11   Next: 26%
Magic:  25/33      EV: 16    Int: 21    God:    Beogh [***...]
Gold:   614        SH:  0    Dex: 14    Spells: 13/26 levels left

rFire   + . .        v - staff of air
rCold   + . .        (no shield)
rNeg    . . .        i - +0 leather armour
rPois   +            (helmet restricted)
rElec   +            B - +2 cloak
rCorr   +            k - +1 pair of gloves
SInv    .            (boots unavailable)
Will    .....        q - amulet of regeneration
Stlth   ++           y - ring of magical power
HPRegen 1.09/turn    (no ring)
MPRegen 0.23/turn

%: acrobat
@: resistant, flying
A: beak, talons 3, evasive flight, acrobatic
a: Renounce Religion, Smiting, Recall Apostles, Dismiss Horkud, wizard


You were on level 10 of the Dungeon.
You worshipped Beogh.
Beogh was most pleased with you.
You visited 1 branch of the dungeon, and saw 10 of its levels.

You collected 614 gold pieces.

Inventory:

Hand Weapons
 a - a +1 dagger of flaming
 E - a +3 dagger of flaming
Missiles
 s - a throwing net
Armour
 i - a +0 leather armour (worn)
 k - a +1 pair of gloves (worn)
 B - a +2 cloak (worn)
 C - a +0 kite shield
Magical Staves
 v - a staff of air (weapon)
Jewellery
 q - an amulet of regeneration (around neck)
 y - a ring of magical power (left hand)
Wands
 c - a wand of digging (4)
 t - a wand of mindburst (6)
 G - a wand of polymorph (1)
 I - a wand of paralysis (1)
Scrolls
 e - a scroll of brand weapon {unknown}
 p - 2 scrolls of vulnerability
 r - 2 scrolls of revelation
 u - a scroll of silence
 w - a scroll of amnesia
 D - a scroll of enchant weapon
 F - a scroll of enchant armour {unknown}
Potions
 d - a potion of mutation {unknown}
 f - 3 potions of resistance
 g - 3 potions of enlightenment {unknown}
 h - 2 potions of ambrosia {unknown}
 j - 10 potions of curing
 l - 3 potions of attraction {unknown}
 m - 3 potions of lignification {unknown}
 n - 2 potions of might {unknown}
 o - 2 potions of degeneration {unknown}
 x - 2 potions of heal wounds {unknown}
 z - a potion of invisibility {unknown}
 H - a potion of haste {unknown}


   Skills:
 + Level 1.8 Fighting
 + Level 1.3 Short Blades
 + Level 1.5 Staves
 + Level 0.2 Throwing
 + Level 4.4 Armour
 + Level 4.2 Dodging
 + Level 4.0 Stealth
 * Level 5.6 Shields
 + Level 8.1 Spellcasting
 + Level 8.7 Conjurations
 * Level 2.4 Ice Magic
 * Level 12.5 Air Magic


You had 13 spell levels left.
You knew the following spells:

 Your Spells              Type           Power      Damage    Failure   Level
a - Shock                 Conj/Air       100%       1d9       1%          1
b - Static Discharge      Conj/Air       100%       3-8/arc   1%          2
c - Swiftness             Air            75%        N/A       1%          3
d - Airstrike             Air            37%        2d(6-22)  1%          4
e - Frozen Ramparts       Ice            36%        1d6       12%         3

Your spell library contained the following spells:

 Spells                   Type           Power      Damage    Failure   Level
 Kiss of Death            Conj/Necr      100%       2d13      1%          1
 Ozocubu's Armour         Ice            18%        N/A       12%         3
 Jinxbite                 Hex            16%        N/A       16%         2
 Confusing Touch          Hex            8%         N/A       32%         3
 Dispel Undead            Necr           8%         3d8       71%         4
 Manifold Assault         Tloc           8%         N/A       71%         4
 Metabolic Englaciation   Hex/Ice        6%         N/A       87%         5
 Yara's Violent Unravell  Hex/Alch       4%         3d4       96%         5
 Dispersal                Tloc           4%         N/A       100%        6
 Enfeeble                 Hex            4%         N/A       100%        7
 Disjunction              Tloc           4%         N/A       100%        8


Dungeon Overview and Level Annotations

Branches:
Dungeon (10/15)            Temple (0/1) D:6
   Lair: D:8-11         Orc: D:9-12

Altars:
Cheibriados
Fedhas
Makhleb
Okawaru
Sif Muna
Wu Jian
Yredelemnul

Annotations:
D:7 3 runed translucent doors, JoadsterXIII's ghost, novice OnGl


Innate Abilities, Weirdness & Mutations

Your facial features look somewhat orcish.
You have a beak for a mouth.
You have claws for feet.
Your magical flight helps you evade attacks. (EV +4)
You can magically evade attacks while moving or waiting.


Message History

Horkud closely misses the kobold.
Blodwig is engulfed in poison gas.
Blodwig looks as sick as possible!
Blodwig barely misses you.
The kobold closely misses Horkud.
A stone appears from out of your range of vision.
The stone misses Horkud.
A poisoned dart appears from out of your range of vision.
The poisoned dart misses Horkud.
The poisoned dart closely misses Blodwig.
Casting: Static Discharge (safe; 1% risk of failure)
Confirm with . or Enter, or press ? or * to list all spells.
Aiming: Airstrike (dangerous; 1% risk of failure)
Press: ? - help, Dir - move target, f - very large slime creature, p - Blodwig
Aim: a very large slime creature (heavily wounded, poisoned, empty space bonus: 4/8)
You feel a surge of power!
The air twists around and strikes the very large slime creature.
The very large slime creature is heavily wounded.
A very large slime creature splits.
Horkud is engulfed in poison gas.
Horkud looks as sick as possible!
Horkud hits the kobold with the +1 dagger of Zin, Hugging.
Horkud burns the kobold.
The kobold dies!
Beogh accepts your kill.
Blodwig is engulfed in poison gas.
Blodwig looks as sick as possible!
Blodwig hits you with a +1 dire flail of protection!
* * * LOW HITPOINT WARNING * * *
Casting: Airstrike (dangerous; 1% risk of failure)
Confirm with . or Enter, or press ? or * to list all spells.
Aiming: Airstrike (dangerous; 1% risk of failure)
Press: ? - help, Dir - move target, f/p - large slime creature
Aim: a large slime creature (heavily wounded, poisoned, empty space bonus: 3/8)
You feel a surge of power!
The air twists around and strikes the large slime creature.
The large slime creature is heavily wounded.
The large slime creature hits you!
* * * LOW HITPOINT WARNING * * *
Horkud looks as sick as possible!
Blodwig is engulfed in poison gas.
Blodwig looks as sick as possible!
Blodwig hits you with a +1 dire flail of protection.
You die...
Beogh appreciates Blodwig's killing of a heretic priest.

##°○§○○§§# .§☼☼○§§§°###.
.
.........#..§§§☼§○§○§....
...(#....#...○○☼○§§§. ...
.>......##§#..○§§○☼. ..#
.........○§○§##°§§# .○§#
......#.##.##°§J°☼#§§○☼#
#.......##....#J@§§☼☼§○#
#.##...J##☼°☼.§o####○☼○#
.........§.)§§§○.......#
....K..###§§o§○☼###....
...o§....§)§☼°○☼.... ..
.......###°○§§°§###..
.......# #°§§○§§(.
...##### ########## ...


You could see Blodwig the orc apostle (extremely poisoned, divinely empowered),
a large slime creature (poisoned, ally target), a slime creature (poisoned) and
the friendly Horkud the orc apostle (extremely poisoned).

Vanquished Creatures
  A two-headed ogre (D:9)
  2 trolls
  A hornet (D:9)
  A slime creature (D:10)
  A wyvern (D:9)
  A steam dragon (D:7)
  14 yaks (D:8)
  2 water moccasins (D:6)
  Duvessa (D:7)
  An orc warrior (D:6)
  An ice beast (D:6)
  A black bear (D:5)
  3 centaurs
  2 ogres
  A lemure (D:9)
  A kobold brigand (D:7)
  2 phantoms
  2 bullfrogs (D:6)
  3 scorpions
  4 wights (D:8)
  Dowan (D:7)
  6 killer bees
  3 howler monkeys (D:6)
  6 hounds
  Crazy Yiuf (D:7)
  A bombardier beetle (D:5)
  3 orc priests
  A gnoll bouda (D:9)
  3 iguanas
  3 sleepcaps
  9 orc wizards
  12 gnolls
  8 adders
  2 white imps (D:6)
  2 ribbon worms
  2 dart slugs
  19 orcs
  7 endoplasms
  3 giant cockroaches
  5 goblins
  5 hobgoblins
  10 jackals
  9 kobolds
  2 quokkas
  8 ball pythons
  10 bats
  5 frilled lizards
  5 rats
196 creatures vanquished.

Vanquished Creatures (collateral kills)
  A two-headed ogre (D:9)
  Pikel (D:9)
  A slime creature (D:10)
  A centaur (D:9)
  An orc wizard (D:9)
  A gnoll (D:9)
  2 kobolds (D:10)
8 creatures vanquished.

Vanquished Creatures (others)
  44 foxfires
44 creatures vanquished.

Grand Total: 248 creatures vanquished

Notes
Turn   | Place    | Note
-------+----------+-------------------------------------------
     0 | D:1      | xianbchi the Tengu Air Elementalist began the quest for the
                  | Orb.
     0 | D:1      | Reached XP level 1. HP: 10/10 MP: 4/4
   126 | D:1      | Reached XP level 2. HP: 12/15 MP: 0/6
   130 | D:1      | Learned a level 2 spell: Static Discharge
   608 | D:1      | Reached XP level 3. HP: 16/19 MP: 1/7
  1482 | D:2      | Reached XP level 4. HP: 20/24 MP: 2/8
  1492 | D:2      | Learned a level 3 spell: Swiftness
  2496 | D:3      | Found a faded altar of an unknown god.
  2516 | D:3      | Reached XP level 5. HP: 28/28 MP: 4/10
  2590 | D:3      | Learned a level 4 spell: Airstrike
  2684 | D:3      | Found a shimmering blue altar of Sif Muna.
  2713 | D:3      | Found a basalt altar of Yredelemnul.
  2865 | D:3      | Reached skill level 1 in Armour
  3507 | D:4      | Reached skill level 5 in Air Magic
  3514 | D:4      | Reached XP level 6. HP: 31/32 MP: 3/12
  3558 | D:4      | Became a worshipper of Beogh the Shepherd
  4055 | D:4      | Gained mutation: Your magical flight helps you evade
                  | attacks. (EV +4) [Tengu growth]
  4055 | D:4      | Reached XP level 7. HP: 36/36 MP: 12/14
  4231 | D:5      | Entered Level 5 of the Dungeon
  4288 | D:5      | Reached * piety under Beogh
  4289 | D:5      | Reached skill level 1 in Short Blades
  4537 | D:5      | Found an iron altar of Okawaru.
  4845 | D:5      | Reached skill level 5 in Conjurations
  4845 | D:5      | Reached skill level 6 in Air Magic
  5058 | D:6      | Reached XP level 8. HP: 42/42 MP: 9/16
  5094 | D:6      | Reached skill level 5 in Spellcasting
  5260 | D:6      | Found Ysaekhau's Weapon Emporium.
  5465 | D:6      | Found a staircase to the Ecumenical Temple.
  5478 | D:6      | Noticed a troll
  5502 | D:6      | Killed a troll
  5503 | D:6      | Reached skill level 7 in Air Magic
  5652 | D:6      | Reached skill level 1 in Fighting
  5912 | D:6      | Reached XP level 9. HP: 43/47 MP: 18/18
  5935 | D:6      | Reached skill level 1 in Shields
  6005 | D:6      | Reached skill level 8 in Air Magic
  6387 | D:7      | Reached skill level 1 in Staves
  6397 | D:7      | Reached ** piety under Beogh
  6593 | D:7      | Found a burning altar of Makhleb.
  6596 | D:7      | Found a runed translucent gate.
  6596 | D:7      | Found a runed translucent gate.
  6596 | D:7      | Found a runed translucent gate.
  6602 | D:7      | Noticed JoadsterXIII's ghost (novice OnGl)
  6752 | D:7      | Reached skill level 9 in Air Magic
  6826 | D:7      | Noticed Duvessa
  6826 | D:7      | Noticed Dowan
  6830 | D:7      | Killed Duvessa
  6836 | D:7      | Killed Dowan
  7214 | D:7      | Found a runed translucent door.
  7215 | D:7      | Noticed Crazy Yiuf
  7221 | D:7      | Killed Crazy Yiuf
  7448 | D:8      | Reached skill level 10 in Air Magic
  7448 | D:8      | Reached XP level 10. HP: 19/52 MP: 11/21
  8064 | D:8      | Reached skill level 11 in Air Magic
  8283 | D:8      | Learned a level 3 spell: Frozen Ramparts
  8350 | D:8      | Found a blossoming altar of Fedhas.
  8501 | D:8      | Reached *** piety under Beogh
  8520 | D:8      | Identified the +1 dagger of Zin, Hugging {flame, Str+3}
  8591 | D:8      | Anointed Horkud the wizard as your apostle
  8805 | D:9      | Noticed Pikel
  8815 | D:9      | Killed Pikel
  8816 | D:9      | Reached skill level 5 in Shields
  8826 | D:9      | Reached skill level 1 in Ice Magic
  9034 | D:9      | Noticed a two-headed ogre
  9041 | D:9      | Killed a two-headed ogre
  9042 | D:9      | Reached XP level 11. HP: 37/57 MP: 12/23
  9203 | D:9      | Reached skill level 12 in Air Magic
  9517 | D:9      | Noticed a two-headed ogre
  9529 | D:9      | Killed a two-headed ogre
  9739 | D:9      | Found an ornate altar of the Wu Jian Council.
  9764 | D:9      | Found a snail-covered altar of Cheibriados.
  9903 | D:10     | Entered Level 10 of the Dungeon
  9937 | D:10     | Noticed Blodwig
  9960 | D:10     | Slain by Blodwig the orc apostle

Illustrated notes

Levels and vault maps discovered:
D:1:      erik_arrival_blinker_ship, layout_basic, roderic_roman_lattice,
          serial_bayou_lake_a
D:2:      layout_basic, chequers_serial_rivers_micro_a
D:3:      layout_loops_ring, mainiacjoe_overflow_two_lobes,
          chequers_ecumenical_altar_island
D:4:      layout_basic
D:5:      layout_cave_pools, lemuel_coloured_pillars_altar,
          chequers_hall_statues_y
D:6:      minmay_bubble_buster, layout_basic,
          minmay_temple_entry_statues_fountains, serial_shops,
          nicolae_shop_hallway_plus
D:7:      layout_cave_pools, mainiacjoe_overflow_chevrons,
          gammafunk_ghost_necromancy, uniq_crazy_yiuf_cottage, uniq_duvessa
D:8:      layout_loops_ring, kennysheep_mini
D:9:      layout_basic, pdpol_wu_jian_five_deadly_venoms, kennysheep_little_box,
          uniq_pikel
D:10:     layout_basic, grunt_qazlal_clouds, erik_lair_dragon, serial_shops,
          shop, biasface_ghost_orc_armoury

Skill      XL: |  1  2  3  4  5  6  7  8  9 10 11 |
---------------+----------------------------------+-----
Conjurations   | 2 3 4 5 7 8 |  8.7
Spellcasting   | 3 4 5 6 7 8 |  8.1
Armour         | 1 2 3 4 |  4.4
Air Magic      | 5 6 7 10 11 12 | 12.5
Short Blades   | 1 |  1.3
Dodging        | 3 4 |  4.2
Stealth        | 3 4 |  4.0
Fighting       | 1 |  1.8
Shields        | 3 5 |  5.6
Staves         | 1 |  1.5
Ice Magic      | 2 |  2.4
Throwing       | |  0.2

Action                     |  1- 3 |  4- 6 |  7- 9 | 10-12 || total
---------------------------+-------+-------+-------+-------++-------
  Melee: Dagger            |    17 |    39 |     3 |       ||    59
         Peck              |     2 |     6 |     5 |     9 ||    22
         Kick              |     2 |     8 |     5 |    17 ||    32
         Unarmed           |     1 |       |       |       ||     1
         Staff             |       |       |    10 |    36 ||    46
  Throw: Throwing net      |       |       |       |     3 ||     3
   Cast: Shock             |    62 |   111 |   117 |    47 ||   337
         Static Discharge  |     1 |     9 |    64 |    43 ||   117
         Swiftness         |       |       |     3 |     3 ||     6
         Airstrike         |       |       |     5 |    38 ||    43
 Invoke: Convert to Beogh  |       |     1 |       |       ||     1
         Recruit Apostle   |       |       |       |     1 ||     1
    Use: Scroll            |       |       |     4 |     8 ||    12
         Potion            |       |       |       |     3 ||     3
   Stab: Sleeping          |       |       |     1 |     1 ||     2
 Armour: Robe              |     8 |       |       |       ||     8
         Leather armour    |     5 |    60 |   138 |   150 ||   353
         Skin              |       |       |       |     4 ||     4
  Dodge: Dodged            |    29 |    54 |    93 |    93 ||   269

Table legend: (Time is in decaauts)
 A = Elapsed time spent in this place.
 B = Non-inter-level travel time spent in this place.
 C = Inter-level travel time spent in this place.
 D = Time resting spent in this place.
 E = Time spent auto-exploring this place.
 F = Levels seen in this place.
 G = Mean time per level.
                   A        B        C        D        E       F      G
               +--------+--------+--------+--------+--------+-----+--------+
         Total |  10008 |   9837 |    171 |      7 |   8084 |  10 | 1000.8 |
       Dungeon |  10008 |   9837 |    171 |      7 |   8084 |  10 | 1000.8 |
               +--------+--------+--------+--------+--------+-----+--------+

Top non-repeatable levels by time:
     D:6: 1476 daAuts
     D:8: 1441 daAuts
     D:1: 1413 daAuts
     D:3: 1235 daAuts
     D:9: 1108 daAuts
     D:7: 989 daAuts
     D:4: 926 daAuts
     D:2: 681 daAuts
     D:5: 677 daAuts
    D:10: 57 daAuts
